[Event "GrandPrix_29.05"]
[Site "Chess.com"]
[Date "2020.05.29"]
[Round "5"]
[White "Rakhmanov_Aleksandr"]
[Black "GM_Levan_Pantsulaia"]
[Result "1-0"]
[WhiteElo "2608"]
[BlackElo "2524"]
[TimeControl "600+2"]
[EndTime "11:33:12 PDT"]
[Termination "Rakhmanov_Aleksandr won by resignation"]

1. Nf3 Nf6 2. g3 d5 3. Bg2 c6 4. d4 Bf5 5. c4 e6 6. Nc3 h6 7. Qb3 Qb6 8. c5 Qc7 9. Bf4 Qc8 10. Nd2 Nbd7 11. e4 dxe4 12. Bxe4 Nxe4 13. Ndxe4 Bxe4 14.
Nxe4 Nf6 15. Nxf6+ gxf6 16. O-O h5 17. Rfe1 Qd7 18.
Rad1 Be7 19. Qf3 Rd8 20. Bd6 h4 21. d5 cxd5 22. Rxd5 Qc6 23. b4 hxg3 24. hxg3 Bxd6 25. b5 Qxb5 26. Qxf6 Rh7 27. Rxd6 Rd7 28. Red1 Qc6 29.
Rxc6 Rxd1+ 30. Kg2 bxc6 31. Qb2 Rd7 32. Qb8+ Ke7 33. Qc8 Rh5 34. Qxc6 Rf5 35. a4 Rd2 36. Qb7+ Kf6 37. c6 Rdxf2+ 38. Kh3 Rh5+ 39. Kg4 Rc5 40. Qxa7 Rfc2 41. a5 Rxc6 42. Qd4+ Kg6 43. Qd3+ f5+ 44. Kh3 R2c3 45. Qd8 R6c4 46. a6 Ra3 47. Qg8+ Kh5 48. Qh7+ Kg5 49. Qe7+ 1-0

[Event "GrandPrix_29.05"]
[Site "Chess.com"]
[Date "2020.05.29"]
[Round "5"]
[White "1stSecond"]
[Black "vpantev"]
[Result "0-1"]
[WhiteElo "2547"]
[BlackElo "2739"]
[TimeControl "600+2"]
[EndTime "11:33:18 PDT"]
[Termination "vpantev won by checkmate"]

1. Nf3 Nf6 2. d4 e6 3. g3 b5 4.
Bg2 Bb7 5. O-O c5 6. Bg5 h6 7. Bxf6 Qxf6 8. c3 Qd8 9. Nbd2 d5 10. dxc5 Bxc5 11. Nd4 Qb6 12. N2b3 Nd7 13. a4 bxa4 14. Rxa4 O-O 15. Qa1 Be7 16. Na5 Bc5 17. e3 Rfc8 18.
Rd1 Ne5 19. Nxb7 Qxb7 20. c4 Bxd4 21. Rxd4 Rab8 22. cxd5 Qxb2 23. Qxb2 Rxb2 24. Rd1 exd5 25. Bxd5 Rc7 26. Ra2 Rxa2 27. Bxa2 g5 28. h3 Kg7 29.
Kg2 h5 30. Rd5 Kf6 31. Rd2 g4 32. Bb3 Rb7 33. Bd1 a5 34. Rd6+ Ke7 35. Rd5 f6 36. Rxa5 Rb1 37. Rd5 Rb2 38. hxg4 hxg4 39. Rd4 f5 40. e4 Kf6 41. exf5 Kxf5 42. Rf4+ Kg5 43. Re4 Kf5 44. Re3 Rd2 45. Be2 Ra2 46. Bb5 Rb2 47.
Ba6 Rb4 48. Bc8+ Kf6 49. Rc3 Rd4 50. Kf1 Kg5 51. Bb7 Rb4 52. Bd5 Rd4 53. Bg2 Rb4 54.
Ke2 Kf5 55. Rc2 Ra4 56. Bd5 Rd4 57. Ba8 Ra4 58. Bb7 Rb4 59. Ba6 Re4+ 60. Kd2 Rd4+ 61. Kc3 Ra4 62. Bb5 Ra1 63. Re2 Rc1+ 64. Kd4 Rd1+ 65. Kc5 Rc1+ 66. Kd6 Rd1+ 67. Ke7 Rd4 68. Ba6 Rd7+ 69. Ke8 Ra7 70. Bc8+ Kf6 71. Rc2 Re7+ 72. Kf8 Ng6+ 73. Kg8 Rg7# 0-1

[Event "GrandPrix_29.05"]
[Site "Chess.com"]
[Date "2020.05.29"]
[Round "5"]
[White "Grebnev_A"]
[Black "cassoulet"]
[Result "1-0"]
[WhiteElo "2162"]
[BlackElo "1980"]
[TimeControl "600+2"]
[EndTime "11:33:19 PDT"]
[Termination "Grebnev_A won by resignation"]

1. c4 Nf6 2. Nc3 e6 3. e4 d5 4. e5 Ne4 5. cxd5 Nxc3 6. bxc3 Qxd5 7. Nf3 c5 8. Qb3 Nc6 9. Qxd5 exd5 10. Bb5 Bd7 11.
Rb1 O-O-O 12. O-O h6 13. d4 g5 14. Be3 c4 15. Ne1 Bf5 16. Rd1 Be7 17. Ba4 Rdg8 18. f4 gxf4 19. Bxf4 Nd8 20. Bc2 Bg4 21. Rd2 Ne6 22.
Be3 Rg7 23. Rdf2 Bh5 24. g3 Bg5 25. Ng2 Kd8 26. Bxg5+ Nxg5 27. Nf4 Bg4 28. Kg2 h5 29. h3 Bd7 30. h4 Ne4 31. Bxe4 dxe4 32. Re1 Bf5 33.
Rb2 b6 34. Re3 Rg4 35. Rf2 Bc8 36. Kh2 Bb7 37. Nh3 Ke7 38. Rf6 Rg6 39. Rxg6 fxg6 40. Nf4 Rg8 41. d5 g5 42. hxg5 Rxg5 43. Rxe4 b5 44. Kh3 Rg4 45. d6+ Kd8 46. Ne6+ Ke8 47. Nc7+ Kd7 48. Rxg4 hxg4+ 49. Kxg4 b4 50. cxb4 c3 51.
e6+ Kc6 52. e7 Bc8+ 53. Kf3 Bd7 54. Ke2 Kxd6 55. e8=Q Bxe8 56. Nxe8+ Kd5 57. Kd3 c2 58. Kxc2 Kc4 59. g4 Kxb4 60. g5 Kc5 61. g6 Kb5 62. g7 1-0

[Event "GrandPrix_29.05"]
[Site "Chess.com"]
[Date "2020.05.29"]
[Round "5"]
[White "IMTominho"]
[Black "grzechu96"]
[Result "0-1"]
[WhiteElo "2089"]
[BlackElo "2507"]
[TimeControl "600+2"]
[EndTime "11:33:21 PDT"]
[Termination "grzechu96 won on time"]

1. d4 d5 2. c4 c6 3. Nf3 Nf6 4. Nbd2 Bf5 5. Nh4 Be4 6. Qb3 Qc7 7. Nxe4 Nxe4 8. Nf3 e6 9. Nd2 Nxd2 10. Bxd2 Nd7 11. e3 Be7 12. Be2 O-O 13. O-O dxc4 14. Qxc4 e5 15.
dxe5 Nxe5 16. Qc2 Rad8 17. Rfd1 Bf6 18. h3 Ng6 19. Rac1 Ne7 20. Bc4 Qb6 21. b4 Ng6 22. a4 Ne5 23. Be2 a6 24. Rb1 Rd7 25. Bc3 Rxd1+ 26. Rxd1 Rd8 27. Rb1 Nd7 28. Bd2 g6 29.
Kh1 Qc7 30. f4 Nf8 31. Bc4 Qd6 32. Be1 Ne6 33. b5 axb5 34. axb5 cxb5 35. Bxb5 b6 36. Bc4 Qc7 37. Qa2 Nc5 38. Bb4 Ne4 39.
Kh2 Nc3 40. Bxc3 Bxc3 41. Qb3 Bd2 42. Rd1 Rd7 43. Kh1 Kg7 44. Qb2+ Kg8 45. Bb5 Bc3 46. Rxd7 Qxd7 47. Qb3 Qc7 48. Qd5 Bb4 49. Qf3 Bc5 50.
e4 Qd6 51. e5 Qd4 52. Kh2 Qg1+ 53. Kg3 Qe1+ 0-1

[Event "GrandPrix_29.05"]
[Site "Chess.com"]
[Date "2020.05.29"]
[Round "5"]
[White "EvgenyRomanov"]
[Black "Carpe7Diem"]
[Result "1/2-1/2"]
[WhiteElo "1953"]
[BlackElo "2078"]
[TimeControl "600+2"]
[EndTime "11:33:21 PDT"]
[Termination "Game drawn by repetition"]

1. b3 b6 2. Bb2 Bb7 3. e3 Nf6 4. Nf3 g6 5. d4 Bg7 6. Bd3 O-O 7. O-O d5 8. c4 Ne4 9. cxd5 Bxd5 10.
Qc2 f5 11. Nfd2 Nxd2 12. Qxd2 Nd7 13. Nc3 Bb7 14. d5 c6 15. dxc6 Bxc6 16. Qe2 Ne5 17. Bc4+ Kh8 18. Rfd1 Qe8 19. Nd5 Nxc4 20. Bxg7+ Kxg7 21. Qxc4 Bxd5 22. Rxd5 Qf7 23. Rad1 Rac8 24. Qd4+ Qf6 25.
Re5 Rfd8 26. Rxe7+ Kh6 27. Rd7 Qxd4 28. R7xd4 Rxd4 29. exd4 Kg7 30. d5 Kf7 31. d6 Ke6 32. Kf1 Rd8 33. Ke2 Rxd6 34. Rc1 Rd7 35. Rc8 Ke5 36.
h4 f4 37. Kf3 Rd3+ 38. Kg4 Rd2 39. Re8+ Kf6 40. Rf8+ Kg7 41. Rxf4 Rxa2 42. g3 Ra3 43.
b4 a5 44. bxa5 bxa5 45. Rc4 Rb3 46. Rc7+ Kh6 47. Ra7 Rb4+ 48. f4 a4 49. Kh3 Rc4 50. g4 Rc3+ 51. Kg2 Ra3 52. Kf2 Rh3 53. Rxa4 Rxh4 54. Kg3 Rh1 55. Ra7 Rg1+ 56. Kh3 Rh1+ 57. Kg2 Rb1 58. Kg3 Rg1+ 59. Kf3 Rf1+ 60. Kg3 Rg1+ 1/2-1/2

[Event "GrandPrix_29.05"]
[Site "Chess.com"]
[Date "2020.05.29"]
[Round "5"]
[White "NikolaN98"]
[Black "Luq27"]
[Result "1-0"]
[WhiteElo "2362"]
[BlackElo "2248"]
[TimeControl "600+2"]
[EndTime "11:33:28 PDT"]
[Termination "NikolaN98 won on time"]

1. e4 c5 2. Nc3 e6 3. f4 a6 4. Nf3 Nc6 5. g3 d5 6. d3 dxe4 7.
dxe4 Qxd1+ 8. Nxd1 b6 9. c3 Bb7 10. Nf2 f6 11. Be3 Bd6 12. Bh3 Ke7 13. O-O-O Nh6 14. Rhe1 Bc7 15. g4 Rad8 16. g5 Nf7 17.
Rxd8 Rxd8 18. gxf6+ gxf6 19. Rg1 Rh8 20. Nh4 Nb8 21.
Kd2 Nd7 22. Ke2 Bc6 23. Rg7 Kf8 24. Rg1 Ke7 25. Bc1 Bb7 26. Rg7 Kf8 27. Rg3 Ke7 28. Bg4 Rg8 29. Bh5 Rxg3 30. hxg3 Nd6 31. Bf3 Nf7 32.
b3 Nf8 33. c4 Nd7 34. Bb2 Nb8 35. Ng4 Nd7 36. Ng2 Nd8 37. N2e3 Nc6 38. Nc2 e5 39. Nce3 Nd4+ 40. Bxd4 cxd4 41. Nf5+ Kf7 42. Ngh6+ Kg6 43. Ng8 exf4 44. gxf4 Bxf4 45. Nge7+ Kf7 46. Nd5 Be5 47. b4 a5 48. a3 axb4 49. axb4 Bxd5 50. Bh5+ Kf8 51.
cxd5 Nb8 52. Kd3 Na6 53. Kc4 d3 54. Kb5 1-0

[Event "GrandPrix_29.05"]
[Site "Chess.com"]
[Date "2020.05.29"]
[Round "5"]
[White "caspiwins"]
[Black "Kezin_Roman"]
[Result "0-1"]
[WhiteElo "2371"]
[BlackElo "2647"]
[TimeControl "600+2"]
[EndTime "11:33:34 PDT"]
[Termination "Kezin_Roman won by resignation"]

1. e4 c5 2. Nf3 e6 3. d4 cxd4 4. Nxd4 Nc6 5. Nc3 Qc7 6. Be3 a6 7. Qd2 Nf6 8. O-O-O Be7 9. f3 b5 10. Kb1 Bb7 11. Bf4 e5 12. Nf5 exf4 13. Nd5 Nxd5 14. exd5 Nb4 15. c4 Bd6 16. a3 a5 17. axb4 O-O 18. Nxd6 Qxd6 19. c5 Qg6+ 20. Bd3 Qa6 21.
bxa5 Qxa5 22. Qxa5 Rxa5 23. Bf5 b4 24. Bxd7 Rxc5 25.
d6 Rd8 26. Rhe1 Kf8 27. Ba4 Bc6 28. Bb3 Bd7 29. Bc2 Be6 30. Rd4 b3 31. Be4 g6 32.
Rc1 Rxc1+ 33. Kxc1 Kg7 34. Bd3 g5 35. Kd2 Kf6 36.
Bxh7 Ke5 37. Re4+ Kd5 38. Rb4 Kc5 39. Kc3 Rxd6 40. Ra4 Rc6 41. Bd3 Kd6+ 42. Kd2 Ke5 43. Re4+ Kf6 44. Rb4 Rc7 45. h4 gxh4 46. Rxf4+ Kg5 47.
Rd4 Rc8 48. Rb4 Kh5 49. Rb5+ Kh6 50. Ke3 Rc1 51. Kd2 Rg1 52. Kc3 Rxg2 53. Rb4 h3 54. f4 h2 55. f5 h1=Q 56. fxe6 Qe1+ 57. Kxb3 Qxe6+ 58. Bc4 Rg3+ 59. Ka4 Qc6+ 60. Bb5 Qa8+ 0-1

[Event "GrandPrix_29.05"]
[Site "Chess.com"]
[Date "2020.05.29"]
[Round "5"]
[White "JonahWillow"]
[Black "Winawer81"]
[Result "1/2-1/2"]
[WhiteElo "2255"]
[BlackElo "2149"]
[TimeControl "600+2"]
[EndTime "11:33:39 PDT"]
[Termination "Game drawn by repetition"]

1. e4 d5 2. Nc3 d4 3. Nce2 e5 4. Ng3 Be6 5. c3 c5 6. Bb5+ Nc6 7. Nf3 Bd6 8. Qe2 Ne7 9. Ng5 Qd7 10. Nxe6 fxe6 11.
Nh5 O-O 12. Qg4 Ng6 13. d3 Rae8 14. O-O a6 15. Ba4 b5 16. Bc2 c4 17. Bg5 Bc5 18.
Rad1 Rf7 19. Kh1 Ref8 20. f3 Be7 21. dxc4 bxc4 22. b3 Bxg5 23. Qxg5 Nf4 24. Nxf4 Rxf4 25. bxc4 Qd6 26. Ba4 h6 27. Qh5 Qc5 28. Bxc6 Qxc6 29.
Qxe5 Qxc4 30. cxd4 Qxa2 31. d5 exd5 32. Qxd5+ Qxd5 33. Rxd5 Rxe4 34. Ra1 Re6 35. Rda5 Rff6 36. h3 Rg6 37. R1a2 Rb6 38. Kh2 Rgc6 39. Kg3 Kf7 40. Kf4 Rb4+ 41. Ke5 Rb5+ 42. Rxb5 axb5 43. Kd5 Rg6 44. Kc5 Rg5+ 45. Kb4 h5 46. Re2 Rd5 47. Re4 Kf6 48. g4 h4 49. Re8 g5 50. Rf8+ Ke5 51.
Rf7 Kd4 52. Rf8 Ke3 53. Rf5 Kd4 54. Rf8 Re5 55. Rf7 Kd3 56. Rf5 Kd4 57. Rf8 Kd5 58. Rf7 Ke6 59. Rf8 Rd5 60. Rg8 Kf6 61. Rf8+ Ke5 62. Rf5+ Ke6 63. Rf8 Ke5 1/2-1/2

[Event "GrandPrix_29.05"]
[Site "Chess.com"]
[Date "2020.05.29"]
[Round "5"]
[White "bedgasm"]
[Black "Sergey_Krivenko"]
[Result "1/2-1/2"]
[WhiteElo "2233"]
[BlackElo "2104"]
[TimeControl "600+2"]
[EndTime "11:33:39 PDT"]
[Termination "Game drawn by repetition"]

1. e4 e6 2. d4 d5 3. Nc3 Bb4 4. e5 Ne7 5. a3 Bxc3+ 6. bxc3 b6 7. a4 Ba6 8. Bb5+ Bxb5 9. axb5 Qd7 10. Qd3 c6 11. bxc6 Nbxc6 12. Ba3 Na5 13. Nf3 Nc4 14. O-O Nxa3 15. Rxa3 Rc8 16. Ng5 h6 17. Nh3 Rc4 18. f4 O-O 19. g4 f5 20. g5 Rfc8 21.
Qg3 Kh8 22. Qh4 Ng8 23. Rf3 Qe7 24. Rb3 Ra4 25. Qh5 Qe8 26. Qh4 Qe7 27. Qe1 Ra2 28. Qb1 Ra4 29. Qd1 Ra2 30. Rg3 Qf7 31. g6 Qd7 32. Ng5 Ne7 33. Nf7+ Kg8 34. Qh5 Nc6 35. Rh3 Rxc2 36. Nxh6+ gxh6 37. Qxh6 Qg7 38. Qg5 Nxd4 39.
cxd4 Rc1+ 40. Kf2 R1c2+ 41. Kg3 R2c3+ 42. Rxc3 Rxc3+ 43. Kg2 Rc2+ 44. Kf1 Qc7 45. Re3 Rb2 46. Re2 Rxe2 47. Kxe2 Qc2+ 48. Kf3 Qd3+ 49. Kg2 Qe2+ 50. Kh3 Qf3+ 51. Kh4 Qf2+ 52. Kh3 Qf1+ 53. Kh4 Qf2+ 54. Kh3 Qf3+ 55. Kh4 Qf2+ 1/2-1/2

[Event "GrandPrix_29.05"]
[Site "Chess.com"]
[Date "2020.05.29"]
[Round "5"]
[White "swisspower96"]
[Black "komandoras123"]
[Result "1-0"]
[WhiteElo "2263"]
[BlackElo "2198"]
[TimeControl "600+2"]
[EndTime "11:33:40 PDT"]
[Termination "swisspower96 won on time"]

1. d4 f5 2. c4 Nf6 3. Nf3 g6 4. g3 Bg7 5. Bg2 O-O 6. O-O d6 7. Nc3 Nc6 8. b3 e5 9. dxe5 Nxe5 10. Nxe5 dxe5 11. Ba3 Re8 12. Nb5 c6 13. Nd6 Re6 14.
c5 e4 15. Qc2 Nd5 16. Rad1 Qa5 17. Nc4 Qa6 18. Bb2 Bxb2 19. Qxb2 Qb5 20. Qd4 b6 21.
cxb6 axb6 22. Rd2 Bb7 23. Rfd1 Qb4 24. Qb2 Qe7 25. b4 Qf6 26. Qb3 Ba6 27. e3 Qe7 28.
Bf1 Bb5 29. Nxb6 Nxb6 30. Rd6 Ba4 31. Qxe6+ Qxe6 32. Rxe6 Bxd1 33. Rxc6 Rb8 34. Rc7 Ba4 35.
Ba6 Bd7 36. Bb7 Kf8 37. Bc6 Ke7 38. Bxd7 Nxd7 39. a3 Kd6 40. Rc4 Ne5 41. Rc5 Nd3 42. Ra5 Rc8 43. Ra6+ Kd5 44. b5 Rc1+ 45. Kg2 Rc2 46.
a4 Rxf2+ 47. Kh3 Rb2 48. b6 h6 49. a5 Ne5 50. g4 fxg4+ 51. Kg3 h5 52. Kf4 Nd3+ 53. Kg5 Nc5 54. Ra7 Rxh2 55. Kxg6 g3 56. Rg7 h4 57. Kh5 g2 58. b7 Nxb7 59. a6 Nc5 60. a7 g1=Q 61. a8=Q+ Kc4 62. Rxg1 1-0

[Event "GrandPrix_29.05"]
[Site "Chess.com"]
[Date "2020.05.29"]
[Round "5"]
[White "MaxVavulin"]
[Black "rusuvlad95"]
[Result "1/2-1/2"]
[WhiteElo "2024"]
[BlackElo "2095"]
[TimeControl "600+2"]
[EndTime "11:33:42 PDT"]
[Termination "Game drawn - insufficient material"]

1. e4 e5 2. Nf3 Nc6 3. Bb5 Nf6 4. d3 Bc5 5. c3 d6 6. Bg5 h6 7. Bh4 Bg4 8. Nbd2 Bb6 9. Nc4 O-O 10. O-O g5 11. Bg3 Ne7 12. Nxb6 axb6 13. Re1 Ng6 14. d4 exd4 15. cxd4 c6 16. Bd3 Nh5 17. h3 Bxf3 18. Qxf3 Nxg3 19. Qxg3 Nf4 20. Bf1 d5 21. e5 Ne6 22. Qe3 c5 23. dxc5 bxc5 24. b3 b6 25. Bd3 Kg7 26. g3 Ra3 27. Kg2 c4 28. Bf5 Qa8 29.
Rab1 d4+ 30. Qe4 c3 31. Qxa8 Rfxa8 32. Rbd1 Rd8 33. Bb1 Nc5 34. b4 Na6 35. e6 fxe6 36.
Rxe6 Nxb4 37. Rg6+ Kf7 38. Rxb6 c2 39. Bxc2 Nxc2 40.
Rxh6 Rxa2 41. Rb1 Ne3+ 42. Kf3 Nf5 43. Rb7+ Ne7 44. Rh7+ Kg6 45. Rhxe7 Rf8+ 46. Kg4 Raxf2 47. Rg7+ Kf6 48. Rxg5 d3 49. Rb6+ Ke7 50. Re5+ Kf7 51.
Rd5 Rg8+ 52. Kh4 Rh8+ 53. Kg5 Rg8+ 54. Kh5 Rh8+ 55. Rh6 Rxh6+ 56. Kxh6 Rf3 57. g4 Rxh3+ 58. Kg5 Ke6 59. Rd8 Ke5 60. Kg6 Ke4 61. g5 Ke3 62. Kf7 d2 63. Rxd2 Kxd2 64. g6 Rg3 65. g7 Rxg7+ 66.
Kxg7 1/2-1/2

[Event "GrandPrix_29.05"]
[Site "Chess.com"]
[Date "2020.05.29"]
[Round "5"]
[White "Iljin_Timofey"]
[Black "ploky25"]
[Result "1/2-1/2"]
[WhiteElo "2280"]
[BlackElo "2190"]
[TimeControl "600+2"]
[EndTime "11:33:49 PDT"]
[Termination "Game drawn by agreement"]

1. d4 Nf6 2. c4 e6 3. Nc3 Bb4 4. e3 O-O 5. Bd3 c5 6. Ne2 d5 7. a3 Bxc3+ 8. bxc3 dxc4 9. Bxc4 b6 10. O-O Qc7 11. Ba2 Ba6 12. Re1 Nc6 13. Bb2 e5 14. d5 Na5 15. Ng3 Nc4 16. Bc1 Nd6 17. e4 g6 18. Bh6 Rfe8 19. f4 Bc4 20. fxe5 Rxe5 21.
Bf4 Rae8 22. Bxe5 Rxe5 23. Qf3 Qe7 24. Bxc4 Nxc4 25. Rf1 Nxe4 26. Nxe4 Rxe4 27. Qg3 Ne3 28. Qb8+ Kg7 29. d6 Qe5 30. Qxa7 Nxf1 31. Rxf1 Qxd6 32. Rxf7+ Kh6 33. Rxh7+ Kg5 34. Qd7 Qxd7 35. Rxd7 Ra4 36. Rd5+ Kh6 37. Rd6 Rxa3 38. Rxb6 Rxc3 39. Kf2 c4 40. h4 Kh5 41. g3 Rd3 42. Kg2 c3 43. Kh3 Kh6 44. Rc6 Kg7 45. Kg4 Kf7 46. Kf4 Kg7 47.
Rc5 Kf6 48. g4 Rd4+ 49. Kf3 Rd3+ 50. Ke4 Rh3 51. Rc6+ Kf7 52. Ke5 Rxh4 53. g5 Rh3 54. Rc7+ Ke8 55. Kf6 Kd8 56. Rc4 Kd7 57. Kxg6 Ke6 58.
Rc8 Kd5 59. Kf7 Kd4 60. g6 Rf3+ 61. Ke6 Rg3 62. Kf6 Kd3 63. g7 c2 64. Rd8+ Kc3 65.
Rc8+ Kd2 66. Kf7 c1=Q 67. Rxc1 Kxc1 68. Kf6 Rxg7 1/2-1/2

[Event "GrandPrix_29.05"]
[Site "Chess.com"]
[Date "2020.05.29"]
[Round "5"]
[White "Promacherr"]
[Black "madamDD"]
[Result "0-1"]
[WhiteElo "2171"]
[BlackElo "2382"]
[TimeControl "600+2"]
[EndTime "11:33:50 PDT"]
[Termination "madamDD won by checkmate"]

1. d4 Nf6 2. Nf3 b6 3. g3 Bb7 4.
Bg2 g6 5. O-O Bg7 6. c4 O-O 7.
Nc3 Ne4 8. Nxe4 Bxe4 9. Bf4 d6 10.
Rc1 c5 11. Be3 Nd7 12. Qd2 Rc8 13. Rfd1 Nf6 14. Bh6 Qd7 15. d5 b5 16. b3 bxc4 17. bxc4 Rb8 18. Bxg7 Kxg7 19. Qc3 Rb4 20. Ne1 Bxg2 21.
Kxg2 Qf5 22. f3 Rfb8 23. Nd3 R4b6 24. e4 Qd7 25. e5 dxe5 26. Qxe5 Qd6 27. Re1 R8b7 28.
Qc3 Kg8 29. Re2 Rb1 30. Rxb1 Rxb1 31. Qc2 Rb7 32. Qa4 Nd7 33. Qc6 Rc7 34. Qa8+ Kg7 35.
Qe8 Nf6 36. Qb8 e6 37. Nf4 exd5 38. cxd5 c4 39. Rc2 Qc5 40. Qb2 c3 41. Qb3 g5 42.
d6 Qxd6 43. Ne2 Nd5 44. Rc1 Qe5 45. Kf1 c2 46. Kf2 Qf5 47. Qb2+ f6 48. Qb5 Qe5 49.
Qb3 Qf5 50. Qb5 Qe5 51. Qb3 h5 52. Qd3 Nb4 53. Qb3 Qc5+ 54. Kg2 Qb5 55. Nd4 Qd3 56. Ne6+ Kg6 57. Nxc7 Qd2+ 58. Kh3 Qxc1 59. Qg8+ Kf5 60. Qe6+ Kg6 61. Qg8+ Kf5 62. Qe6+ Kg6 63. Qe4+ Kh6 64.
Qxb4 Qf1# 0-1

[Event "GrandPrix_29.05"]
[Site "Chess.com"]
[Date "2020.05.29"]
[Round "5"]
[White "etserga"]
[Black "SpasKozhuharov"]
[Result "0-1"]
[WhiteElo "2188"]
[BlackElo "2276"]
[TimeControl "600+2"]
[EndTime "11:33:52 PDT"]
[Termination "SpasKozhuharov won by resignation"]

1. Nf3 d5 2. e3 Nf6 3. c4 e6 4. b3 Be7 5. Bb2 O-O 6. Nc3 b6 7. g3 Bb7 8. Bg2 c5 9. O-O Nbd7 10. Qe2 Ne4 11. Rad1 Bf6 12. cxd5 exd5 13. d4 Qe7 14. Na4 Rfc8 15. dxc5 bxc5 16. Bxf6 Qxf6 17. Rfe1 Nb6 18. Qb2 Nxa4 19. Qxf6 Nxf6 20. bxa4 Ne4 21. Rc1 f6 22.
Red1 Rab8 23. Ne1 c4 24. Rd4 f5 25. h3 Bc6 26. g4 g6 27. gxf5 gxf5 28. Nf3 Rb2 29.
Ne5 Bb7 30. h4 Kg7 31. a5 Kf6 32. a6 Kxe5 33. axb7 Rxb7 34. f3 Nf6 35. Bh3 Rg8+ 36. Kf1 Rg3 37. Bg2 Rb2 38. Bh1 Rh3 39. Kg1 Rxa2 40. Rcd1 Rg3+ 41. Kf1 Rh2 42. f4+ Ke6 43. Bxd5+ Nxd5 44. Rxd5 Rh1+ 45. Kf2 Rxd1 46. Rxd1 Rh3 47. Ra1 c3 48. Ke2 Rh2+ 49. Kd3 c2 50. Kc3 Kd5 51.
Ra5+ Ke4 52. Kb2 Rxh4 53. Kxc2 Kxe3 54. Rxf5 Rxf4 55. Rh5 Rf7 56. Kd1 Kf3 57. Kd2 Re7 58.
Kd3 Kg4 59. Rh6 Kg5 60. Rh1 h5 61. Rg1+ Kf4 62. Rh1 Kg4 63. Rg1+ Kf3 64. Rh1 Rd7+ 65. Kc4 Rh7 66. Kd5 h4 67. Ke5 h3 68. Kf5 h2 69. Kg6 Kg2 0-1

[Event "GrandPrix_29.05"]
[Site "Chess.com"]
[Date "2020.05.29"]
[Round "5"]
[White "GadimbayliA"]
[Black "crazyboy26"]
[Result "1/2-1/2"]
[WhiteElo "2500"]
[BlackElo "2371"]
[TimeControl "600+2"]
[EndTime "11:33:54 PDT"]
[Termination "Game drawn by agreement"]

1. e4 Nc6 2. Nf3 d6 3. d4 Nf6 4. Nc3 g6 5. Be2 Bg7 6. O-O O-O 7. d5 Nb8 8. Re1 c6 9. a4 Bg4 10. Be3 Qa5 11. Nd4 Bxe2 12. Qxe2 cxd5 13. Nb3 Qc7 14. exd5 Nbd7 15. Bd4 a6 16. a5 Rac8 17. Rac1 Rfe8 18.
Qf3 Ne5 19. Bxe5 dxe5 20. Na4 e4 21. Qd1 Bh6 22. Ra1 Qxc2 23. Nc3 Qxb2 24. Nxe4 Nxe4 25. Rxe4 Rc2 26. Rb1 Qa2 27. Ra4 Qxa4 28. Qxc2 Bf4 29.
g3 Bd6 30. h4 Qg4 31. Rc1 h5 32. Qd3 Rc8 33. Rd1 Qb4 34. Qe3 Rc4 35. Rd3 Re4 36. Qf3 Re1+ 37. Kg2 Qe4 38. Nd2 Qxf3+ 39.
Kxf3 Ra1 40. Nc4 Bc5 41. Rd2 Ra4 42. Rc2 Bb4 43. Re2 Bxa5 44. Nxa5 Rxa5 45. Rxe7 Rxd5 46. Rxb7 Rf5+ 47. Ke3 Ra5 48. Ra7 Kg7 49. Kf3 Kf6 50.
Ke3 Ke6 51. Kf3 Ra3+ 52. Kg2 a5 53. Ra6+ Ke5 54. Ra7 f6 55. Re7+ Kf5 56. Ra7 a4 57. Ra5+ Ke4 58. Ra6 Ke5 59. Ra5+ Ke6 60. Ra6+ Kf7 61.
Ra7+ Kg8 62. Ra6 Kg7 63. Ra7+ Kh6 64. Ra6 f5 65. Ra7 Ra1 66. Kh2 a3 67. Kg2 a2 68.
f4 Rd1 69. Rxa2 Rd7 1/2-1/2

[Event "GrandPrix_29.05"]
[Site "Chess.com"]
[Date "2020.05.29"]
[Round "5"]
[White "Bengalas"]
[Black "Ward-Tsh"]
[Result "1-0"]
[WhiteElo "2180"]
[BlackElo "2162"]
[TimeControl "600+2"]
[EndTime "11:33:57 PDT"]
[Termination "Bengalas won on time"]

1. d4 d5 2. c4 c6 3. Nf3 Nf6 4.
e3 e6 5. Nbd2 Nbd7 6. b3 c5 7.
Bb2 cxd4 8. exd4 Bd6 9. Bd3 O-O 10. O-O b6 11. Qe2 Re8 12. Ne5 Bb7 13. Rad1 Nf8 14. f4 Rc8 15. g3 Ng6 16. h4 Ne7 17. g4 g6 18. Ndf3 Ne4 19. Bxe4 dxe4 20. Ng5 Rf8 21.
Nxe4 f5 22. Ng5 Rf6 23. Nef7 Qd7 24. d5 Bc5+ 25. Kh2 Rxf7 26. dxe6 Qc6 27. exf7+ Kf8 28. Nxh7+ Kxf7 29. Ng5+ Kf8 30. Ne6+ Kf7 31. Nd8+ Rxd8 32. Rxd8 fxg4 33. Qxg4 Nf5 34. Rfd1 Be7 35. R8d5 Nxh4 36. Re1 Nf5 37. Rxf5+ gxf5 38. Qxf5+ Ke8 39. Qh5+ Kd7 40. Qd5+ Qxd5 41. cxd5 Bxd5 42. Kg3 Bd6 43. Be5 Bb4 44. Rd1 Ke6 45. Bb8 Be4 46. Bxa7 Bc2 47. Rc1 Be4 48. Bxb6 Kf5 49. Be3 Bd5 50. Rd1 Be6 51. Rd4 Bc5 52.
Rd3 Bb4 53. Rd8 Be1+ 54. Bf2 Bb4 55. Rb8 Bd6 56. Rb5+ Ke4 57. Rb6 Bxf4+ 58. Kg2 Bd5 59. Kf1 Bc7 60. Rh6 Kd3 61. Be1 Kc2 62. Rh5 1-0

[Event "GrandPrix_29.05"]
[Site "Chess.com"]
[Date "2020.05.29"]
[Round "5"]
[White "ZoranRunic1"]
[Black "wnstop"]
[Result "1-0"]
[WhiteElo "2224"]
[BlackElo "2132"]
[TimeControl "600+2"]
[EndTime "11:33:59 PDT"]
[Termination "ZoranRunic1 won by resignation"]

1. e4 c5 2. Nf3 Nc6 3. d4 cxd4 4.
Nxd4 e5 5. Nb5 d6 6. N1c3 a6 7. Na3 Be7 8. Nc4 b5 9. Ne3 Nf6 10. g3 O-O 11. Bg2 b4 12. Ncd5 Nxd5 13. exd5 Nb8 14. a3 bxa3 15. Rxa3 f5 16. O-O Nd7 17. Nc4 a5 18. Re1 Qc7 19. b3 f4 20. Bd2 a4 21.
Qa1 f3 22. Bf1 Bb7 23. Ne3 axb3 24. cxb3 Nc5 25. Bc4 Ne4 26. Ba5 Qd7 27. Qb1 Nd2 28.
Qd3 Nxc4 29. bxc4 Bg5 30. Qf1 Bd8 31. Rea1 Bf6 32. Bb4 Rxa3 33. Rxa3 e4 34. Bc3 Bg5 35.
Bd4 Qc8 36. Rc3 Ba6 37. Qc1 Qh3 38. Qf1 Qd7 39. Qb1 Re8 40. Qf1 Rc8 41. h4 Bd8 42.
Kh2 g5 43. Qh3 Qxh3+ 44. Kxh3 gxh4 45. gxh4 Rb8 46. Rc1 Bc8+ 47. Kh2 Kf7 48. Rg1 Bf6 49. Bxf6 Kxf6 50. Rg8 Ra8 51. Re8 Bb7 52. Rxe4 Rg8 53. Rf4+ Ke5 54. Rxf3 Bc8 55. Rf7 h6 56. Rh7 Rg6 57.
h5 Rf6 58. Kg3 Kd4 59. Rg7 Ke4 60. Rg6 Rf3+ 61. Kg2 Bh3+ 62. Kg1 Rf8 63. Rxd6 Rh8 64.
Rg6 Bc8 65. c5 Kf4 66. c6 Rd8 67. d6 Ba6 68. c7 Rd7 69. Nd5+ Kf3 70. Nb6 Rf7 71. d7 Bb7 72. d8=Q 1-0

[Event "GrandPrix_29.05"]
[Site "Chess.com"]
[Date "2020.05.29"]
[Round "5"]
[White "Arm-Akiba"]
[Black "DenLaz"]
[Result "1/2-1/2"]
[WhiteElo "2890"]
[BlackElo "2801"]
[TimeControl "600+2"]
[EndTime "11:34:02 PDT"]
[Termination "Game drawn by repetition"]

1. d4 d5 2. c4 c6 3. Nf3 Nf6 4.
Nc3 dxc4 5. a4 Bf5 6. e3 e6 7.
Bxc4 Bb4 8. O-O O-O 9. Qe2 Nbd7 10. e4 Bg6 11. Bd3 Bh5 12. e5 Nd5 13. Nxd5 cxd5 14.
Qe3 Be7 15. Ng5 Bxg5 16. Qxg5 Qxg5 17. Bxg5 Nb8 18. Rfc1 Nc6 19. Be3 Rfc8 20. Rc3 Nb4 21. Bf1 Rxc3 22. bxc3 Nc6 23. a5 Rc8 24. f3 Bg6 25. Kf2 f6 26. exf6 gxf6 27. g4 a6 28. Ra3 Kf7 29. h4 h5 30. Be2 Ke7 31. g5 Kf7 32.
gxf6 Kxf6 33. Bg5+ Kf7 34. Ke3 Bc2 35. Kd2 Bg6 36. Bd1 Ke8 37. Ba4 Kf7 38. Bd1 Ke8 39.
Bf4 Kf7 40. Bd6 Rd8 41. Bc7 Rd7 42. Bb6 Kf6 43. Ba4 Bf5 44. Rb3 e5 45. Bxc6 bxc6 46.
Bc5 e4 47. fxe4 dxe4 48. Rb6 Be6 49. Rxc6 Kf5 50. Bd6 Bd5 51. Rxa6 Rg7 52. Ke3 Rg2 53. Be5 Re2+ 54. Kxe2 Bc4+ 55. Ke3 Bxa6 56. Bg3 Bc4 57. d5 Bxd5 58. a6 Kg4 59. Be1 Kf5 60. a7 Ba8 61. c4 Bb7 62. Kd4 Ke6 63. Bd2 Ba8 64. Bf4 Bb7 65. Kc5 Kd7 66. Be3 Ba8 67. Kd4 Ke6 68. Bd2 Bb7 69. Ke3 Kf5 70. Be1 Ba8 71. Kd4 Ke6 72. Bd2 Bb7 73. Kc5 Kd7 74. Kb6 Bc6 75. Bc1 Ba8 76. Bg5 Bc6 77. Kc5 Ba8 78. Kd4 Ke6 79. Ke3 Kf5 80. Bd8 Bb7 81. Kd4 Ke6 82. Bg5 Ba8 83. Kc3 Ke5 84. Be3 Ke6 85.
Kb4 Kd6 86. Kb5 Bc6+ 87. Ka6 Ba8 88. Kb6 Kd7 89. Bg5 Bc6 90. Kc5 Ba8 91. Kd4 Ke6 1/2-1/2

[Event "GrandPrix_29.05"]
[Site "Chess.com"]
[Date "2020.05.29"]
[Round "5"]
[White "BogdanDeac"]
[Black "aleksandrovaleksei"]
[Result "1-0"]
[WhiteElo "2334"]
[BlackElo "2307"]
[TimeControl "600+2"]
[EndTime "11:34:03 PDT"]
[Termination "BogdanDeac won on time"]

1. e4 e5 2. Nf3 Nc6 3. Bb5 a6 4. Ba4 Nf6 5. O-O Be7 6. d3 b5 7.
Bb3 O-O 8. Nc3 d6 9. a3 Nb8 10. a4 b4 11. Nd5 Nxd5 12. Bxd5 c6 13. Bb3 Nd7 14. d4 Qc7 15. a5 exd4 16. Qxd4 Nc5 17. Bf4 Nxb3 18. cxb3 c5 19. Qd3 Be6 20. Nd2 Qc6 21.
Nc4 Rad8 22. Nb6 Bf6 23. Nd5 Bxd5 24. exd5 Qb7 25. Rab1 Bd4 26. Qc4 Rfe8 27. Rfe1 h6 28. Rxe8+ Rxe8 29. Bxd6 Qc8 30. Rf1 Re4 31. Qc2 Qf5 32.
Bxc5 Qxd5 33. Bxd4 Rxd4 34. Qc8+ Kh7 35. Qxa6 Qxb3 36.
Qb7 Rd1 37. Qe4+ g6 38. Qe2 Rxf1+ 39. Kxf1 Qa2 40. Qe5 Qc4+ 41. Ke1 h5 42. h3 Qc6 43. Kf1 Qc1+ 44. Ke2 Qc6 45. Qe7 Qb5+ 46. Ke3 Kg7 47. Qc7 Qg5+ 48. Ke2 Qxg2 49. Qc4 Qb7 50. a6 Qb6 51. Kd3 Kg8 52. Qc8+ Kg7 53. Qc4 f6 54. f4 h4 55. Kc2 g5 56. fxg5 fxg5 57. Kb3 Kg6 58.
Qe4+ Kf6 59. Qb7 Qe3+ 60. Ka4 Qe8+ 61. Qb5 Qe7 62. Qb6+ Kf5 63. a7 1-0